 Dungeon Crawl Stone Soup version 0.21.1-1-g345015f (webtiles) character file.

317 Hebeh the Shield-Bearer (level 6, -15/57 HPs)
             Began as a Deep Dwarf Fighter on June 17, 2018.
             Demolished by an ogre
             ... wielding a +0 giant club
              (17 damage)
             ... on level 4 of the Dungeon.
             The game lasted 00:07:43 (2478 turns).

Hebeh the Shield-Bearer (Deep Dwarf Fighter)        Turns: 2478, Time: 00:07:44

Health: -15/57     AC: 12    Str: 22    XL:     6   Next: 20%
Magic:  4/4        EV:  4    Int:  8    God:
Gold:   99         SH: 10    Dex: 12    Spells: 5/5 levels left

rFire    . . .     SeeInvis .   a - +0 war axe
rCold    . . .     Gourm    .   c - +0 shield
rNeg     . . .     Faith    .   p - +0 plate armour
rPois    .         Spirit   .   (no helmet)
rElec    .         Reflect  .   (no cloak)
rCorr    .         Harm     .   (no gloves)
MR       .....                  (no boots)
Stlth    ..........             (no amulet)
HPRegen  0.00/turn              (no ring)
MPRegen  0.09/turn              (no ring)

@: non-regenerating
A: damage resistance, heal wounds, sense surroundings 1, no regeneration
a: Heal Wounds


You were on level 4 of the Dungeon.
You were not hungry.

You visited 1 branch of the dungeon, and saw 4 of its levels.

You collected 99 gold pieces.

Inventory:

Hand Weapons
 a - a +0 war axe (weapon)
 u - a +0 short sword of draining
Armour
 b - a +0 scale mail
 c - a +0 shield (worn)
 p - a +0 plate armour (worn)
Jewellery
 s - an uncursed amulet of harm {unknown}
 w - a cursed -5 ring of strength {unknown}
Scrolls
 e - 4 scrolls of teleportation {unknown}
 h - 4 scrolls of identify {unknown}
 i - a scroll of remove curse {unknown}
 j - 2 scrolls of magic mapping {unknown}
 l - a scroll of enchant armour {unknown}
 n - a scroll of immolation {unknown}
 v - a scroll of amnesia {unknown}
Potions
 d - a potion of might
 k - a potion of flight {unknown}
 m - a potion of mutation {unknown}
 o - 2 potions of degeneration {unknown}
 q - a potion of heal wounds {unknown}
 r - 2 potions of curing {unknown}
 t - a potion of ambrosia {unknown}
Comestibles
 f - 7 rations
 g - 3 chunks of flesh


   Skills:
 + Level 3.9 Fighting
 + Level 4.0 Axes
 + Level 4.7 Armour
 + Level 4.8 Shields


You had 5 spell levels left.
You didn't know any spells.

Dungeon Overview and Level Annotations

Branches:
Dungeon (4/15)
 Temple: D:4-7

Altars:


Innate Abilities, Weirdness & Mutations

You are resistant to damage.
You can heal yourself by infusing magical energy.
You passively map a small area around you.
You do not regenerate.


Message History

The ogre is moderately wounded.
The ogre hits you with a giant club!!
You are too injured to fight recklessly!
You are too injured to fight recklessly!
You are too injured to fight recklessly!
You are too injured to fight recklessly!
You are too injured to fight recklessly!
You hit the ogre.
The ogre is moderately wounded.
The ogre hits you with a giant club!
* * * LOW HITPOINT WARNING * * *
Your plate armour prevents you from hitting the ogre.
The ogre is moderately wounded.
The ogre barely misses you.
You slash the ogre!
The ogre is almost dead.
The ogre hits you with a giant club!
* * * LOW HITPOINT WARNING * * *
You fail to use your ability.
The ogre hits you with a giant club!!
You die...

* ########## * *
........# ,* ,
#.......# * , *
,*#.......# ,
#.......# ,
#.......# *
#.......#####
**, ** * * ,
#..@O........, ,
#....##########.
,
#....##.........
, *
#....##.########
, * , #....##.#
* #.......# *
#.#+#.### * ,
#.#.#.# , * <
#.#.#.#


You could see an ogre.

Vanquished Creatures
  2 sky beasts (D:3)
  Terence (D:2)
  A gnoll (D:1)
  An adder (D:3)
  An ooze (D:2)
  A worm (D:3)
  2 dart slugs (D:3)
  2 leopard geckos
  An orc (D:3)
  A ball python (D:3)
  A giant cockroach (D:3)
  6 goblins
  10 hobgoblins
  12 jackals
  2 quokkas (D:2)
  5 bats
  8 frilled lizards
  A jackal skeleton (D:3)
  9 kobolds
  8 rats
75 creatures vanquished.

Notes
Turn   | Place    | Note
-------+----------+-------------------------------------------
     0 | D:1      | Hebeh the Deep Dwarf Fighter began the quest for the Orb.
     0 | D:1      | Reached XP level 1. HP: 20/20 MP: 1/1
   136 | D:1      | Reached XP level 2. HP: 27/27 MP: 2/2
   403 | D:1      | Reached XP level 3. HP: 25/34 MP: 3/3
  1205 | D:2      | Noticed Terence
  1213 | D:2      | Killed Terence
  1213 | D:2      | Reached XP level 4. HP: 26/42 MP: 4/4
  1830 | D:3      | Noticed a sky beast
  1847 | D:3      | Killed a sky beast
  1847 | D:3      | Reached XP level 5. HP: 43/49 MP: 5/5
  2139 | D:3      | Noticed a sky beast
  2148 | D:3      | Killed a sky beast
  2148 | D:3      | Reached XP level 6. HP: 29/57 MP: 6/6
  2475 | D:4      | HP: 2/57 [ogre/giant club (11)]
  2478 | D:4      | Demolished by an ogre

Skill      XL: |  1  2  3  4  5 |
---------------+----------------+-----
Fighting       | 3 |  3.9
Axes           | 3 4 |  4.0
Shields        | 4 |  4.8
Armour         | 4 |  4.7

Action                   |  1- 3 |  4- 6 || total
-------------------------+-------+-------++-------
Melee: War axe           |   115 |   142 ||   257
 Abil: Heal Wounds       |       |     3 ||     3
  Eat: Chunk             |     1 |     5 ||     6
Armor: Scale mail        |    58 |     7 ||    65
       Plate armour      |       |   113 ||   113
Dodge: Dodged            |    28 |    42 ||    70
Block: Shield            |    55 |    87 ||   142
